 Dungeon Crawl Stone Soup version 0.27-a0-931-g5a74e75d8f (webtiles) character file.

Game seed: 7489728003188726100

28 pokeman the Magician (level 3, 0/20 HPs)
             Began as a Deep Elf Hedge Wizard on Apr 10, 2021.
             Succumbed to a water moccasin's poison
             ... on level 1 of the Dungeon.
             The game lasted 00:02:59 (1529 turns).

pokeman the Magician (Deep Elf Hedge Wizard)        Turns: 1529, Time: 00:03:00

Health: 0/20       AC:  4    Str:  5 (7)  XL:     3   Next: 0%
Magic:  0/11       EV: 12    Int: 17 (19) God:
Gold:   42         SH:  0    Dex: 11 (14) Spells: 1/12 levels left

rFire    . . .     SeeInvis .   a - +0 dagger
rCold    . . .     Faith    .   (no shield)
rNeg     . . .     Spirit   .   b - +0 robe
rPois    .         Reflect  .   h - +0 helmet
rElec    .         Harm     .   g - +0 cloak
rCorr    .         Rampage  .   (no gloves)
Will     .....                  (no boots)
Stlth    ++........             (no amulet)
HPRegen  0.06/turn              (no ring)
MPRegen  0.12/turn              (no ring)

@: lethally poisoned (0 -> -28)
A: no striking features
a: no special abilities


You were on level 1 of the Dungeon.
You visited 1 branch of the dungeon, and saw 2 of its levels.

You collected 42 gold pieces.

Inventory:

Hand Weapons
 a - a +0 dagger (weapon)
Armour
 b - a +0 robe (worn)
 g - a +0 cloak (worn)
 h - a +0 helmet (worn)
Scrolls
 c - a scroll of identify {unknown}
 d - a scroll of torment {unknown}


   Skills:
 + Level 0.7 Fighting
 + Level 0.7 Armour
 - Level 2.4 Dodging
 - Level 2.4 Stealth
 * Level 5.1 Spellcasting
 + Level 1.6 Conjurations
 - Level 1.1 Summonings
 - Level 1.1 Translocations


You had one spell level left.
You knew the following spells:

 Your Spells              Type           Power      Damage    Failure   Level
a - Magic Dart            Conj           40%        1d5       7%          1
b - Mephitic Cloud        Conj/Pois/Air  6%         N/A       32%         3
c - Call Imp              Summ           8%         N/A       14%         2
d - Blink                 Tloc           N/A        N/A       14%         2
e - Conjure Flame         Conj/Fire      7%         6-21      30%         3

Your spell library contained the following spells:

 Spells                   Type           Power      Damage    Failure   Level
 Slow                     Hex            4%         N/A       22%         2


Dungeon Overview and Level Annotations

Branches:
Dungeon (2/15)

Altars:


Message History

Your crimson imp blinks!
Your crimson imp disappears in a puff of smoke!
You see here a +0 hat.
There is a stone staircase leading up here.
The water moccasin misses you.
You climb upwards.
There is a stone staircase leading down here.
The water moccasin bites you!
Ouch! That really hurt!
The water moccasin bites you.
You are lethally poisoned!
The water moccasin poisons you!
Casting: Call Imp (safe; 12% risk of failure)
Confirm with . or Enter, or press ? or * to list all spells.
You blink.
You feel sick.
It was a potion of curing.
You feel better.
It was a potion of heal wounds.
You feel much better. The water moccasin barely misses you.
It was a potion of degeneration.
There was something very wrong with that liquid.
You feel weakened.
You feel dopey.
You feel clumsy. The water moccasin bites you.
You are lethally poisoned!
The water moccasin poisons you!
You miss the water moccasin.
The water moccasin is heavily wounded.
You feel very sick.
The water moccasin bites you but does no damage.
The water moccasin bites you.
* * * LOW HITPOINT WARNING * * *
You are more poisoned.
The water moccasin poisons you!
Casting: Blink (safe; 14% risk of failure)
Confirm with . or Enter, or press ? or * to list all spells.
Aiming: Magic Dart (safe; 7% risk of failure)
Press: ? - help, Shift-Dir - straight line, f - water moccasin
Aim: a water moccasin (heavily wounded, 0% to evade)
The magic dart hits the water moccasin.
The water moccasin is heavily wounded.
You die...

### ##.## ##.>.##
###############
#...).###.......@S....#
...........####.#####.##
#.....#####............#
##...............###).>#####
###.#######.###............#
# #.# #.# #..#########.# #
#.# ####.# ##.# #.# #.######
###.# #....# #.#
#P#####..≈.... #...# #.##.#
#.# P...#.#.≈.≈≈≈.


You could see a water moccasin.

Vanquished Creatures
  A dart slug (D:1)
  4 bats (D:1)
  4 endoplasms
  2 giant cockroaches (D:1)
  A hobgoblin (D:1)
  A quokka (D:1)
  2 ball pythons (D:1)
  3 frilled lizards (D:1)
  3 goblins (D:1)
  2 kobolds (D:1)
  A rat (D:1)
24 creatures vanquished.

Notes
Turn   | Place    | Note
-------+----------+-------------------------------------------
     0 | D:1      | pokeman the Deep Elf Hedge Wizard began the quest for the
                  | Orb.
     0 | D:1      | Reached XP level 1. HP: 10/10 MP: 7/7
   298 | D:1      | Reached XP level 2. HP: 12/16 MP: 2/9
   858 | D:1      | Reached skill level 5 in Spellcasting
  1090 | D:1      | Found a faded altar of an unknown god.
  1432 | D:2      | Reached XP level 3. HP: 20/20 MP: 8/11
  1436 | D:2      | Learned a level 3 spell: Mephitic Cloud
  1439 | D:2      | Learned a level 2 spell: Call Imp
  1442 | D:2      | Learned a level 2 spell: Blink
  1446 | D:2      | Learned a level 3 spell: Conjure Flame
  1484 | D:2      | Noticed a water moccasin
  1529 | D:1      | Succumbed to a water moccasin's poison

Illustrated notes

Levels and vault maps discovered:
D:1:      saegor_arrival_simple_d, layout_loops_ring,
          chequers_ecumenical_altar_island, serial_aquarium,
          aquarium_bridge_long_joined [aquarium_subvault_window,
          aquarium_subvault_bridge, aquarium_subvault_window,
          aquarium_subvault_bridge, aquarium_subvault_window,
          aquarium_subvault_bridge], aquarium_bridge_square
          [aquarium_subvault_wall, aquarium_subvault_bridge,
          aquarium_subvault_balcony, aquarium_subvault_wall],
          aquarium_window_fake, aquarium_window_fake, aquarium_window_1,
          aquarium_view_4, aquarium_pool_five
D:2:      layout_loops_ring, grunt_decor_resistance

Skill      XL: |  1  2 |
---------------+-------+-----
Spellcasting   | 5 |  5.1
Fighting       | |  0.7
Armour         | |  0.7
Dodging        | |  2.4
Stealth        | |  2.4
Conjurations   | |  1.6
Summonings     | |  1.1
Translocations | |  1.1

Action                   || total
-------------------------++-------
Melee: Dagger            ||     2
 Cast: Magic Dart        ||    64
       Call Imp          ||     4
       Blink             ||     2
       Conjure Flame     ||     1
  Use: Potion            ||     3
Armor: Robe              ||     5
Dodge: Dodged            ||    13

Table legend: (Time is in decaauts)
 A = Elapsed time spent in this place.
 B = Non-inter-level travel time spent in this place.
 C = Inter-level travel time spent in this place.
 D = Time resting spent in this place.
 E = Time spent auto-exploring this place.
 F = Levels seen in this place.
 G = Mean time per level.
                   A        B        C        D        E       F      G
               +--------+--------+--------+--------+--------+-----+--------+
         Total |   1534 |   1507 |     27 |     40 |   1275 |   2 |  767.0 |
       Dungeon |   1534 |   1507 |     27 |     40 |   1275 |   2 |  767.0 |
               +--------+--------+--------+--------+--------+-----+--------+

Top non-repeatable levels by time:
     D:1: 1426 daAuts
     D:2: 107 daAuts
